 Dungeon Crawl Stone Soup version 0.20.1-1-g8b1a95d (webtiles) character file.

1102 FerrousOx the Digger (level 8, -1/43 HPs)
             Began as a Gargoyle Earth Elementalist on July 30, 2017.
             Was an Initiate of Vehumet.
             Killed from afar by an orc wizard (7 damage)
             ... with a magic dart
             ... on level 6 of the Dungeon.
             The game lasted 00:36:44 (5707 turns).

FerrousOx the Digger (Gargoyle Earth Elementalist)  Turns: 5707, Time: 00:36:45

Health: -1/43      AC:  8    Str: 10 (11) XL:     8   Next: 32%
Magic:  25/25      EV: 12    Int: 21      God:    Vehumet [......]
Gold:   237        SH:  0    Dex:  8 (10) Spells: 9/18 levels left

rFire    x . .     SeeInvis .   u - +1 dagger (flame)
rCold    + . .     Gourm    .   (no shield)
rNeg     + . .     Faith    .   c - +0 robe
rPois    ∞         Spirit   .   (no helmet)
rElec    +         Reflect  .   (no cloak)
rCorr    .         Harm     .   (no gloves)
MR       .....                  (no boots)
Stlth    ++........             a - amulet of regeneration
Regen    0.6/turn               w - ring of ice
MPRegen  0.2/turn               s - ring of magical power

@: about to teleport
A: rugged brown scales 1, clever 1, deterioration 1, negative energy resistance
1, electricity resistance, unbreathing, petrification resistance, rot immunity,
AC +5
a: Renounce Religion


You were on level 6 of the Dungeon.
You worshipped Vehumet.
Vehumet was noncommittal.
You were not hungry.

You visited 2 branches of the dungeon, and saw 7 of its levels.

You collected 237 gold pieces.

Inventory:

Hand Weapons
 g - a +1 dagger
 l - a -3 mace
 u - a +1 dagger of flaming (weapon)
 C - a +1 dagger of speed
Missiles
 b - 191 stones (quivered)
 i - 2 large rocks
Armour
 c - a +0 robe (worn)
Jewellery
 a - an amulet of regeneration (around neck)
 s - a ring of magical power (right hand)
 w - a ring of ice (left hand)
Wands
 z - a wand of enslavement (12/24)
 A - a wand of lightning (10/15)
 G - a wand of disintegration (15/24)
Scrolls
 k - a scroll of immolation {unknown}
 n - a scroll of magic mapping {unknown}
 p - 2 scrolls of identify
 q - 2 scrolls of enchant armour
 r - a scroll of fog {unknown}
 t - a scroll of fear {unknown}
 x - 3 scrolls of enchant weapon
 y - a scroll of teleportation
 B - 3 scrolls of torment
 D - a scroll of recharging {unknown}
 F - 3 scrolls of remove curse
Potions
 h - a potion of cancellation
 m - 4 potions of degeneration {unknown}
 o - a potion of might {unknown}
 v - 3 potions of lignification
 H - a potion of haste {unknown}
 J - a potion of flight {unknown}
 K - a potion of resistance {unknown}
Books
 e - a book of Geomancy

   Spells                             Type                      Level
   a - Sandblast                      Earth                        1
   b - Passwall                       Transmutation/Earth          2
   c - Stone Arrow                    Conjuration/Earth            3
   d - Petrify                        Transmutation/Earth          4
   e - Lee's Rapid Deconstruction     Earth                        5
Comestibles
 d - 4 bread rations
 f - 2 meat rations
 j - 3 royal jellies
 E - 2 chunks of flesh


   Skills:
 - Level 0.7 Fighting
 - Level 0.1 Short Blades
 + Level 1.8 Dodging
 - Level 2.3 Stealth
 + Level 5.8 Spellcasting
 + Level 5.0 Conjurations
   Level 0.7 Transmutations
 + Level 7.3 Earth Magic


You had 9 spell levels left.
You knew the following spells:

 Your Spells              Type           Power        Failure   Level  Hunger
a - Sandblast             Erth           #####.       1%          1    None
b - Stone Arrow           Conj/Erth      ####..       2%          3    ##.....
c - Lee's Rapid Deconstr  Erth           #####.....   13%         5    #####..


Dungeon Overview and Level Annotations

Branches:
Dungeon (6/15)             Temple (1/1) D:6

Altars:
Dithmenos
Fedhas
Gozag
Kikubaaqudgha
Makhleb
Okawaru
Qazlal
Ru
Vehumet
Zin
The Shining One


Innate Abilities, Weirdness & Mutations

You are resistant to torment.
Your stone body is resilient. (AC +5)
You are immune to poison.
You resist negative energy. (rN+)
You are resistant to electric shocks. (rElec)
You can survive without breathing.
You are immune to petrification.
You are immune to rotting.
You are partially covered in rugged brown scales. (AC +1, +3% HP)
Your mind is acute. (Int +2)
Your body sometimes deteriorates upon taking damage.


Message History

The orc misses you. The orc wizard barely misses you.
The orc closely misses you.
You hit the orc wizard but do no damage.
The orc wizard is lightly wounded.
The orc wizard hits you with a dagger. The orc hits you but does no damage.
The orc priest invokes the aid of Beogh against you.
Beogh smites you!
* * * LOW HITPOINT WARNING * * *
Your body deteriorates!
You feel clumsy. The orc wizard barely misses you.
The orc hits you but does no damage.
As you read the scroll of teleportation, it crumbles to dust.
You feel strangely unstable.
The orc wizard hits you but does no damage. x2
The orc misses you.
The orc wizard hits you but does no damage.
The orc hits you from afar with a trident.
* * * LOW HITPOINT WARNING * * *
The orc wizard gestures at you while chanting.
The magic dart hits you!
You die...

.#...............................
...........##....###..##.........
......................##...#.....
#..........#.#.#.#.#.. #..##.....
...........#.#.#.#.#.###.###.....
...........#.#.#.#.#.............
##.........#.#.#.#.#...#....#####
#.........#.#.#o#.#........#
#..............@ooo........#
#########......##o.........# #
#.....>###.....>)...# # #.###..#
#..........# # ##.# ####
..........# ########..#
..........# .........##
..........# ..########
......##### ### ......


You could see an orc priest, 2 orc wizards and 2 orcs.

Vanquished Creatures
  An ice beast (D:4)
  2 sky beasts
  An ogre (D:4)
  A phantom (D:5)
  A bullfrog (D:6)
  3 scorpions
  A centaur skeleton (D:6)
  4 orc priests
  A hound (D:5)
  An iguana (D:5)
  2 worker ants
  A hound skeleton (D:6)
  A howler monkey zombie (D:5)
  4 gnolls (D:3)
  6 adders
  An ooze (D:5)
  An adder skeleton (D:5)
  2 dart slugs
  A leopard gecko (D:1)
  10 orcs
  4 giant cockroaches
  7 hobgoblins
  8 jackals (D:1)
  3 quokkas
  A ball python (D:5)
  3 bats
  8 frilled lizards
  A giant cockroach zombie (D:5)
  6 goblins
  6 kobolds
  7 rats
99 creatures vanquished.

Notes
Turn   | Place    | Note
-------+----------+-------------------------------------------
     0 | D:1      | FerrousOx the Gargoyle Earth Elementalist began the quest for the Orb.
     0 | D:1      | Reached XP level 1. HP: 10/10 MP: 3/3
   184 | D:1      | Reached XP level 2. HP: 15/15 MP: 0/5
   540 | D:1      | Reached skill level 4 in Earth Magic
   672 | D:1      | Reached XP level 3. HP: 19/19 MP: 4/6
   899 | D:2      | Learned a level 3 spell: Stone Arrow
  1361 | D:2      | Reached XP level 4. HP: 24/24 MP: 4/8
  1598 | D:3      | Reached skill level 1 in Conjurations
  1993 | D:3      | HP: 1/24 [gnoll/spear of venom (3)]
  1996 | D:3      | Reached XP level 5. HP: 11/28 MP: 3/9
  2047 | D:3      | Found a stormy altar of Qazlal.
  2065 | D:3      | Found an iron altar of Okawaru.
  2555 | D:3      | Reached skill level 5 in Earth Magic
  2588 | D:3      | Found an ancient bone altar of Kikubaaqudgha.
  2986 | D:4      | Found a blossoming altar of Fedhas.
  3391 | D:4      | Reached XP level 6. HP: 30/33 MP: 11/11
  3540 | D:4      | Noticed an ice beast
  3556 | D:4      | Killed an ice beast
  3575 | D:4      | Learned a level 5 spell: Lee's Rapid Deconstruction
  3987 | D:4      | Reached skill level 6 in Earth Magic
  3994 | D:5      | Entered Level 5 of the Dungeon
  4052 | D:5      | Noticed a phantom
  4087 | D:5      | Killed a phantom
  4087 | D:5      | Reached XP level 7. HP: 26/37 MP: 4/14
  4423 | D:5      | Found an iron altar of Okawaru.
  4482 | D:5      | Reached skill level 5 in Spellcasting
  4727 | D:5      | Gained mutation: Your body sometimes deteriorates upon taking damage. [potion of mutation]
  4727 | D:5      | Gained mutation: You are partially covered in rugged brown scales. (AC +1, +3% HP) [potion of mutation]
  4727 | D:5      | Gained mutation: Your mind is acute. (Int +2) [potion of mutation]
  5009 | D:6      | Reached skill level 7 in Earth Magic
  5021 | D:6      | Reached XP level 8. HP: 36/43 MP: 10/16
  5293 | D:6      | Paralysed by fainting for 12 turns
  5346 | D:6      | Found a staircase to the Ecumenical Temple.
  5353 | D:6      | Paralysed by fainting for 10 turns
  5365 | Temple   | Entered the Ecumenical Temple
  5365 | Temple   | Paralysed by fainting for 5 turns
  5447 | Temple   | Became a worshipper of Vehumet
  5638 | D:6      | Reached skill level 5 in Conjurations
  5707 | D:6      | Killed from afar by an orc wizard

Skill      XL: |  1  2  3  4  5  6  7  8 |
---------------+-------------------------+-----
Earth Magic    | 4 5 6 7 |  7.3
Conjurations   | 1 2 3 4 5 |  5.0
Spellcasting   | 3 4 5 |  5.8
Fighting       | |  0.7
Short Blades   | |  0.1
Dodging        | |  1.8
Stealth        | |  2.3
Transmutations | |  0.7

Action                   |  1- 3 |  4- 6 |  7- 9 || total
-------------------------+-------+-------+-------++-------
Melee: Dagger            |    47 |   110 |   111 ||   268
       Unarmed           |     6 |       |       ||     6
       Mace              |    40 |       |       ||    40
 Cast: Sandblast         |    23 |    37 |       ||    60
       Stone Arrow       |       |    10 |    32 ||    42
  Use: Scroll            |     3 |     1 |     5 ||     9
       Potion            |       |     3 |     4 ||     7
 Stab: Sleeping          |     2 |     1 |     1 ||     4
       Invisible         |       |       |     4 ||     4
  Eat: Chunk             |     1 |     2 |     1 ||     4
       Meat ration       |       |     1 |     1 ||     2
       Fruit             |       |     1 |       ||     1
       Bread ration      |       |     1 |       ||     1
Armor: Robe              |    55 |    40 |    54 ||   149
Dodge: Dodged            |    94 |    76 |    94 ||   264
